 Dungeon Sprint DCSS version 0.31-a0-672-g7da72447bb (webtiles) character file.

Game seed: 6124494452048402340

263 dialectric the Unseen (level 5, -4/28 HPs)
             Began as a Spriggan Brigand on Sept 5, 2023.
             Slain by a blink frog (19 damage)
             ... in the Dungeon (Sprint I: "Red Sonja").
             The game lasted 00:01:18 (203 turns).

dialectric the Unseen (Spriggan Brigand)             Turns: 203, Time: 00:01:19

Health: -4/28      AC:  3    Str:  7    XL:     5   Next: 98%
Magic:  6/6        EV: 17    Int: 13    God:
Gold:   162        SH:  0    Dex: 18    Spells: 4/4 levels left

rFire   . . .        a - +2 dagger
rCold   . . .        (no shield)
rNeg    . . .        b - +0 robe
rPois   .            (helmet restricted)
rElec   .            c - +0 cloak
rCorr   .            (gloves unavailable)
SInv    +            (boots unavailable)
Will    .....        (no amulet)
Stlth   ++++++       (no ring)
HPRegen 0.24/turn    (no ring)
MPRegen 0.10/turn

%: no teleportation
@: very quick
A: very small, no large weapons, unfitting armour, see invisible, speed 3
a: no special abilities


You were in the Dungeon.
You visited 1 branch You collected 162 gold pieces.

Inventory:

Hand Weapons
 a - a +2 dagger (weapon)
Missiles
 d - 4 poisoned darts (quivered)
Armour
 b - a +0 robe (worn)
 c - a +0 cloak (worn)
Wands
 e - a wand of polymorph (5)
Scrolls
 k - a scroll of blinking
Potions
 f - a potion of curing
 g - a potion of heal wounds
 h - a potion of haste
 i - 2 potions of magic
 j - a potion of berserk rage
 m - a potion of might {unknown}


   Skills:
 + Level 3.2 Fighting
 + Level 4.8 Short Blades
 + Level 5.0 Throwing
 + Level 2.0 Dodging
 + Level 16.2 Stealth


You had 4 spell levels left.
You didn't know any spells.
Your spell library was empty.

Dungeon Overview and Level Annotations

Branches:
Dungeon (1/1)

Altars:
Sif Muna
Vehumet
Wu Jian


Innate Abilities, Weirdness & Mutations

You are very small and have problems with some larger weapons.
You are too small for most types of armour.
You have supernaturally acute eyesight. (SInv)
You cover ground extremely quickly. (Speed+++)


Message History

Throw: 8 darts (poison)
Press: ? - help, Q - select action, (/) - cycle Shift-Dir - straight line, f/p - blink frog
Aim: a blink frog (heavily wounded, very poisoned, slow, 41% to hit)
You throw a poisoned dart.
The poisoned dart barely misses the blink frog.
Unknown command.
Unknown command.
Throw: 7 darts (poison)
Press: ? - help, Q - select action, (/) - cycle Shift-Dir - straight line, f/p - blink frog
Aim: a blink frog (heavily wounded, very poisoned, slow, 41% to hit)
You throw a poisoned dart.
The poisoned dart closely misses the blink frog.
Unknown command.
Unknown command.
The blink frog blinks!
Things that are here:
a +2 scythe of venom; a +0 robe You hit the blink frog.
The blink frog is heavily wounded.
The blink frog hits you!
The blink frog blinks!
Throw: 6 darts (poison)
Press: ? - help, Q - select action, (/) - cycle Shift-Dir - straight line, f/p - blink frog
Aim: a blink frog (translocational energy, heavily wounded, very poisoned, slow, 41% to hit)
You throw a poisoned dart.
The poisoned dart misses the blink frog.
Unknown command.
Throw: 5 darts (poison)
Press: ? - help, Q - select action, (/) - cycle Shift-Dir - straight line, f/p - blink frog
Aim: a blink frog (translocational energy, heavily wounded, very poisoned, slow, 41% to hit)
You throw a poisoned dart. The poisoned dart hits the blink frog.
The blink frog looks even sicker.
The blink frog is heavily wounded.
Unknown command.
The blink frog blinks!
There is an open door here.
You hit the blink frog.
The blink frog is severely wounded.
The blink frog hits you!!
Ouch! That really hurt!
You die...

################
#<.#..'..#.)§..#
#..').#.F@..#((+
#..#####'#####(#
#..# #..# #(#
#..# #### #(#
#..# #_(+ #⌠⌠#
..._# ####
#_.#+# ##+


You could see a blink frog (very poisoned, slow).

Vanquished Creatures
  Sigmund (D)
  An ogre (D)
  Ijyb (D)
3 creatures vanquished.

Notes
Turn   | Place    | Note
-------+----------+-------------------------------------------
     0 | D        | dialectric the Spriggan Brigand began the quest for the
                  | Orb.
     0 | D        | Reached XP level 1. HP: 10/10 MP: 2/2
     2 | D        | Noticed Ijyb
    12 | D        | Killed Ijyb
    13 | D        | Reached skill level 9 in Stealth
    13 | D        | Reached XP level 2. HP: 15/15 MP: 3/3
    36 | D        | Noticed an ogre
    47 | D        | Killed an ogre
    48 | D        | Reached skill level 12 in Stealth
    48 | D        | Reached XP level 3. HP: 19/19 MP: 4/4
    48 | D        | Reached XP level 4. HP: 23/23 MP: 5/5
    66 | D        | Noticed Sigmund
    68 | D        | Killed Sigmund
    69 | D        | Reached skill level 5 in Throwing
    69 | D        | Reached skill level 16 in Stealth
    69 | D        | Reached XP level 5. HP: 28/28 MP: 6/6
    81 | D        | Found a shimmering blue altar of Sif Muna.
    82 | D        | Found an ornate altar of the Wu Jian Council.
    83 | D        | Found a radiant altar of Vehumet.
    85 | D        | a jelly changed into an ice beast
    85 | D        | Noticed an ice beast
    97 | D        | an ice beast changed into a blink frog
    97 | D        | Noticed a blink frog
   203 | D        | Slain by a blink frog

Illustrated notes

Levels and vault maps discovered:
D:        dungeon_sprint_1 [red_sonja_temple_1, red_sonja_temple_small_1]

Skill      XL: |  1  2  3  4 |
---------------+-------------+-----
Fighting       | 2 3 |  3.2
Stealth        | 9 12 16 | 16.2
Short Blades   | 3 4 |  4.8
Throwing       | 3 5 |  5.0
Dodging        | 2 |  2.0

Action                     |  1- 3 |  4- 6 || total
---------------------------+-------+-------++-------
  Melee: Dagger            |     4 |    10 ||    14
         Unarmed           |     1 |       ||     1
  Throw: Dart              |     7 |     7 ||    14
  Evoke: Wand              |       |     2 ||     2
   Stab: Sleeping          |       |     1 ||     1
 Armour: Robe              |       |     5 ||     5
  Dodge: Dodged            |     5 |     3 ||     8

Table legend: (Time is in decaauts)
 A = Elapsed time spent in this place.
 B = Non-inter-level travel time spent in this place.
 C = Inter-level travel time spent in this place.
 D = Time resting spent in this place.
 E = Time spent auto-exploring this place.
 F = Levels seen in this place.
 G = Mean time per level.
                   A        B        C        D        E       F      G
               +--------+--------+--------+--------+--------+-----+--------+
         Total |    180 |    180 |      0 |    100 |      0 |   1 |  180.0 |
       Dungeon |    180 |    180 |      0 |    100 |      0 |   1 |  180.0 |
               +--------+--------+--------+--------+--------+-----+--------+

Top non-repeatable levels by time:
       D: 180 daAuts
